 Dungeon Crawl Stone Soup version 0.30.0-20-g3b4254fcbd (webtiles) character file.

Game seed: 7584428690584699375

2835 Dadbod the Geomancer (level 10, 0/70 HPs)
             Began as a Formicid Earth Elementalist on June 3, 2023.
             Was a Follower of Cheibriados.
             Slain by Joseph
             ... wielding a +0 quarterstaff
              (21 damage)
             ... on level 7 of the Dungeon.
             The game lasted 00:43:16 (7062 turns).

Dadbod the Geomancer (Formicid Earth Elementalist)  Turns: 7062, Time: 00:43:17

Health: 0/70       AC:  2    Str: 21    XL:     10   Next: 3%
Magic:  20/20      EV: 13    Int: 23    God:    Cheibriados [*.....]
Gold:   316        SH:  0    Dex: 17    Spells: 13/22 levels left

rFire   . . .        b - +2 rapier (vamp)
rCold   + . .        (no shield)
rNeg    . . .        p - +4 ring mail
rPois   .            (helmet unavailable)
rElec   .            (no cloak)
rCorr   .            (no gloves)
SInv    +            r - +0 pair of boots
Will    +....        (no amulet)
Stlth   +            l - +6 ring of strength
HPRegen 0.31/turn    j - ring of protection from cold
MPRegen 0.17/turn

%: no passive effects
@: confused, ambrosia-drunk, corroded, very slow
A: permanent stasis, dig shafts and tunnels, antennae 3, four strong arms,
iridescent scales 1, deformed body, MP-powered wands
a: Dig, Shaft Self, Renounce Religion, Bend Time


You were on level 7 of the Dungeon.
You worshipped Cheibriados.
Cheibriados was aware of your devotion.
You visited 1 branch of the dungeon, and saw 7 of its levels.

You collected 316 gold pieces.

Inventory:

Hand Weapons
 b - a +2 vampiric rapier (weapon)
 c - a +0 mace of freezing
 t - a +0 quarterstaff
Missiles
 q - a throwing net (quivered)
Armour
 p - a +4 ring mail (worn)
 r - a +0 pair of boots (worn)
Jewellery
 j - a ring of protection from cold (right hand)
 l - a +6 ring of strength (left hand)
 n - a ring of flight
Scrolls
 a - a scroll of fog {unknown}
 k - 2 scrolls of magic mapping
 m - 2 scrolls of brand weapon
 o - a scroll of amnesia
Potions
 e - a potion of brilliance
 h - 2 potions of flight


   Skills:
 - Level 3.4 Fighting
 - Level 2.0 Short Blades
 - Level 1.0(1.1) Maces & Flails
 - Level 0.6(1.0) Staves
 - Level 3.2 Armour
 - Level 4.1 Dodging
 - Level 6.0 Stealth
 - Level 6.9 Spellcasting
 - Level 3.2 Conjurations
 - Level 2.6 Transmutations
 - Level 8.1 Earth Magic
 - Level 2.5 Invocations


You had 13 spell levels left.
You knew the following spells:

 Your Spells              Type           Power      Damage    Failure   Level
a - Sandblast             Erth           90%        2d19      1%          1
b - Stone Arrow           Conj/Erth      68%        3d11      3%          3
c - Petrify               Tmut/Erth      32%        N/A       14%         4
d - Foxfire               Conj/Fire      60%        2x1d7     6%          1

Your spell library contained the following spells:

 Spells                   Type           Power      Damage    Failure   Level
 Passwall                 Tmut/Erth      26%        N/A       1%          2
 Shock                    Conj/Air       60%        1d6       6%          1
 Inner Flame              Hex/Fire       7%         N/A       36%         3
 Portal Projectile        Hex/Tloc       14%        N/A       36%         3
 Tukima's Dance           Hex            7%         N/A       36%         3
 Blade Hands              Tmut           10%        N/A       75%         5
 Airstrike                Air            3%         2d(1-17)  77%         4
 Fireball                 Conj/Fire      7%         3d5       87%         5
 Yara's Violent Unravell  Hex/Tmut       7%         3d5       90%         5
 Plasma Beam              Fire/Air       3%         2x1d15    100%        6
 Starburst                Conj/Fire      7%         6d4       100%        6
 Enfeeble                 Hex            3%         N/A       100%        7
 Swiftness                Air            Unusable   N/A       N/A         3

Dungeon Overview and Level Annotations

Branches:
Dungeon (7/15)             Temple (0/1) D:6

Altars:
Ashenzari
Cheibriados
Fedhas
Hepliaklqana
Kikubaaqudgha
Makhleb
Nemelex Xobeh
Qazlal
Trog
Wu Jian
Zin
The Shining One

Shops:
D:2 [   D:4 (

Annotations:
D:7 Joseph


Innate Abilities, Weirdness & Mutations

You cannot be hasted, slowed, berserked, paralysed or teleported.
You can dig through walls and to a lower floor.
You have a pair of large antennae on your head. (SInv)
Your four strong arms can wield two-handed weapons with a shield.
You are partially covered in iridescent scales. (AC +2)
Armour fits poorly on your strangely shaped body.
You expend magic power (3 MP) to strengthen your wands.


Message History

Unknown command.
Unknown command.
Unknown command.
Casting: Sandblast (safe; 1% risk of failure)
Confirm with . or Enter, or press ? or * to list all spells.
Aiming: Sandblast (safe; 1% risk of failure)
Press: ? - help, Shift-Dir - straight line, f/p - Joseph
Aim: Joseph, wielding a +2 sling of flaming, wearing a +0 leather armour and carrying a wand of acid (3) (severely wounded, 85% to hit)
The blast of sand hits Joseph!
Joseph is almost dead.
Joseph shoots a sling bullet.
The sling bullet hits you!
* * * LOW HITPOINT WARNING * * *
The sling bullet burns you.
* * * LOW HITPOINT WARNING * * *
Unknown command.
You feel better.
Casting: Sandblast (safe; 1% risk of failure)
Confirm with . or Enter, or press ? or * to list all spells.
Okay, then.
Unknown command.
Okay, then.
You aren't carrying any items that you can evoke.
It was a potion of ambrosia.
You are confused.
You feel invigorated.
Okay, then.
You bump into the rock wall.
Joseph zaps a wand.
The bolt of acid hits you!!
* * * LOW HITPOINT WARNING * * *
The acid corrodes you!
You are too confused!
You are too confused!
You are too confused!
Unknown command.
You hit Joseph but do no damage.
Joseph is almost dead.
Joseph unwields a +2 sling of flaming.
It stops flaming.
Joseph wields a +0 quarterstaff.
Joseph barely misses you.
You bump into the rock wall.
Joseph hits you with a +0 quarterstaff!!
You die...

## .## #########
..########........
...#..............
.....#####.#######
.....# #.# ....##
##.##
...######...######
.........###...$@#
.........
#.###.@......
######## #.#
###.####. # ... .#
# .### # #### #.
...# # .#.# .#.#


You could see Joseph.

Vanquished Creatures
  Grinder (D:5)
  A wyvern (D:7)
  6 yaks
  Eustachio (D:4)
  A water moccasin (D:4)
  Edmund (D:4)
  2 centaurs (D:6)
  2 bullfrogs (D:6)
  A gnoll sergeant (D:6)
  2 scorpions
  3 hounds
  A quasit (D:4)
  2 jellies (D:5)
  2 gnoll boudas (D:6)
  A sleepcap (D:6)
  2 iguanas (D:5)
  Natasha (thrice) (D:4)
  8 adders
  23 gnolls
  2 shadow imps (D:4)
  A white imp (D:4)
  3 ufetubi
  3 worms
  A dart slug (D:1)
  10 orcs
  14 endoplasms
  9 giant cockroaches (D:1)
  6 goblins
  9 hobgoblins
  8 jackals
  5 quokkas
  10 ball pythons
  5 bats
  3 frilled lizards
  4 kobolds
  7 rats (D:1)
163 creatures vanquished.

Notes
Turn   | Place    | Note
-------+----------+-------------------------------------------
     0 | D:1      | Dadbod the Formicid Earth Elementalist began the quest for
                  | the Orb.
     0 | D:1      | Reached XP level 1. HP: 13/13 MP: 3/3
     1 | D:1      | Found a runed translucent door.
   207 | D:1      | Reached XP level 2. HP: 19/19 MP: 3/5
   212 | D:1      | Reached skill level 4 in Earth Magic
   377 | D:1      | Reached XP level 3. HP: 25/25 MP: 4/6
   382 | D:1      | Learned a level 3 spell: Stone Arrow
  1008 | D:2      | Reached skill level 1 in Fighting
  1302 | D:2      | Reached XP level 4. HP: 32/32 MP: 3/7
  1457 | D:2      | Found Qontyapn's Armour Shoppe.
  1989 | D:3      | Found a broken altar of Ashenzari.
  2092 | D:3      | Reached XP level 5. HP: 32/37 MP: 1/9
  2464 | D:3      | Reached skill level 1 in Conjurations
  3096 | D:4      | Reached XP level 6. HP: 41/44 MP: 6/10
  3238 | D:4      | Noticed a water moccasin
  3248 | D:4      | Killed a water moccasin
  3249 | D:4      | Reached skill level 1 in Maces & Flails
  3249 | D:4      | Reached skill level 5 in Earth Magic
  3343 | D:4      | Reached skill level 1 in Armour
  3351 | D:4      | Reached XP level 7. HP: 46/50 MP: 5/12
  3468 | D:4      | Found Reuzyiv's Weapon Boutique.
  3635 | D:4      | Noticed Natasha
  3640 | D:4      | Killed Natasha
  3693 | D:4      | Noticed Edmund
  3701 | D:4      | Killed Edmund
  3702 | D:4      | Noticed Eustachio
  3766 | D:4      | HP: 2/51 [Eustachio/+2 vampiric rapier (2)]
  3768 | D:4      | Killed Eustachio
  4052 | D:4      | Found a hazy altar of Hepliaklqana.
  4162 | D:4      | Noticed Natasha
  4165 | D:4      | Killed Natasha
  4166 | D:4      | Reached XP level 8. HP: 58/58 MP: 9/13
  4335 | D:5      | Entered Level 5 of the Dungeon
  4346 | D:5      | Found an ancient bone altar of Kikubaaqudgha.
  4346 | D:5      | Found an ornate altar of the Wu Jian Council.
  4347 | D:5      | Found a blossoming altar of Fedhas.
  4347 | D:5      | Found a snail-covered altar of Cheibriados.
  4348 | D:5      | Found a sparkling altar of Nemelex Xobeh.
  4348 | D:5      | Found a bloodstained altar of Trog.
  4349 | D:5      | Found a stormy altar of Qazlal.
  4417 | D:5      | Found a glowing silver altar of Zin.
  4417 | D:5      | Found a burning altar of Makhleb.
  4418 | D:5      | Found a glowing golden altar of the Shining One.
  4427 | D:5      | Reached skill level 1 in Short Blades
  4432 | D:5      | Became a worshipper of Cheibriados the Contemplative
  4548 | D:5      | Reached skill level 6 in Earth Magic
  4584 | D:5      | Noticed Grinder
  4820 | D:4      | Noticed Natasha
  4823 | D:4      | Killed Natasha
  5033 | D:5      | Killed Grinder
  5034 | D:5      | Reached skill level 5 in Spellcasting
  5038 | D:5      | Gained mutation: You have hidden genetic defects. [potion
                  | of mutation]
  5038 | D:5      | Gained mutation: Your muscles are strong. (Str +4, Int/Dex
                  | -1) [potion of mutation]
  5038 | D:5      | Gained mutation: You are partially covered in iridescent
                  | scales. (AC +2) [potion of mutation]
  5038 | D:5      | Gained mutation: You expend magic power (3 MP) to
                  | strengthen your wands. [potion of mutation]
  5231 | D:5      | Learned a level 4 spell: Petrify
  5455 | D:6      | Reached skill level 5 in Stealth
  5523 | D:6      | Gained mutation: Armour fits poorly on your strangely
                  | shaped body. [hidden defects]
  5574 | D:6      | Reached XP level 9. HP: 41/63 MP: 14/17
  5579 | D:6      | Reached skill level 7 in Earth Magic
  5579 | D:6      | Reached skill level 1 in Invocations
  5579 | D:6      | Lost mutation: Your muscles are strong. (Str +4, Int/Dex
                  | -1) [hidden defects]
  5579 | D:6      | Lost mutation: You have hidden genetic defects. [hidden
                  | defects expressed]
  5581 | D:6      | Reached * piety under Cheibriados
  5666 | D:6      | Found a staircase to the Ecumenical Temple.
  6871 | D:7      | Reached skill level 8 in Earth Magic
  6875 | D:7      | Reached XP level 10. HP: 30/70 MP: 13/20
  7004 | D:7      | Learned a level 1 spell: Foxfire
  7049 | D:7      | Noticed Joseph
  7062 | D:7      | Slain by Joseph

Illustrated notes

Levels and vault maps discovered:
D:1:      dpeg_arrival_caged_fury, layout_rooms
D:2:      layout_basic, serial_shops, shop
D:3:      layout_loops_corners, nicolae_ashenzari_panopticon
D:4:      layout_loops_ring, nicolae_hepliaklqana_hippocampus, serial_demonic,
          serial_demonic_a, serial_demonic_f, serial_demonic_f,
          serial_demonic_d, serial_shops, nicolae_shop_bloodbath_and_beyond,
          uniq_natasha, uniq_edmund, uniq_eustachio
D:5:      layout_basic, nicolae_overflows_in_rows, minmay_misc_feat_five,
          uniq_grinder
D:6:      layout_basic, minmay_temple_entry_slanted, chequers_jeans
D:7:      layout_loops_ring, uniq_joseph

Skill      XL: |  1  2  3  4  5  6  7  8  9 |
---------------+----------------------------+-----
Earth Magic    | 4 5 6 8 |  8.1
Dodging        | 2 3 4 |  4.1
Stealth        | 3 4 5 6 |  6.0
Fighting       | 1 2 3 |  3.4
Conjurations   | 1 2 3 |  3.2
Spellcasting   | 3 5 6 |  6.9
Maces & Flails | 1 |  1.0
Armour         | 1 2 3 |  3.2
Short Blades   | 2 |  2.0
Invocations    | 2 |  2.5
Transmutations | 2 |  2.6
Staves         | |  0.6

Action                     |  1- 3 |  4- 6 |  7- 9 | 10-12 || total
---------------------------+-------+-------+-------+-------++-------
  Melee: Mace              |    14 |    53 |     2 |       ||    69
         Punch             |       |     2 |       |       ||     2
         Quarterstaff      |       |       |    22 |       ||    22
         Rapier            |       |       |    10 |     1 ||    11
  Throw: Throwing net      |       |     1 |       |       ||     1
   Cast: Sandblast         |    50 |    69 |   143 |     4 ||   266
         Stone Arrow       |       |       |    15 |     1 ||    16
    Use: Scroll            |     4 |     5 |     3 |       ||    12
         Potion            |       |       |    10 |     2 ||    12
   Stab: Invisible         |       |       |     1 |       ||     1
 Armour: Robe              |     3 |     2 |       |       ||     5
         Ring mail         |       |    53 |    83 |       ||   136
  Dodge: Dodged            |    12 |    65 |   122 |     3 ||   202
